 Dungeon Crawl Stone Soup version 0.29.1-2-gbd0b4ee654 (webtiles) character file.

Game seed: 416626555493501021

63 DemonSlayer the Stinger (level 3, 0/24 HPs)
             Began as a Demonspawn Venom Mage on Nov 15, 2022.
             Slain by Sigmund
             ... wielding a +1 scythe of freezing
              (1 damage)
             ... on level 2 of the Dungeon.
             The game lasted 00:06:17 (3649 turns).

DemonSlayer the Stinger (Demonspawn Venom Mage)     Turns: 3649, Time: 00:06:18

Health: 0/24       AC:  5    Str:  8    XL:     3   Next: 89%
Magic:  1/6        EV: 11    Int: 18    God:
Gold:   167        SH:  5    Dex: 13    Spells: 3/7 levels left

rFire   . . .      SeeInvis .   i - +2 long sword (vorpal)
rCold   . . .      Faith    .   (no shield)
rNeg    . . .      Spirit   .   k - +0 leather armour
rPois   .          Reflect  +   (no helmet)
rElec   .          Harm     .   (no cloak)
rCorr   .          Rampage  .   j - +1 pair of gloves
Will    .....                   (no boots)
Stlth   ++........              f - amulet of reflection
HPRegen 0.08/turn               (no ring)
MPRegen 0.10/turn               (no ring)

@: attractive
A: ignite blood 1
a: no special abilities


You were on level 2 of the Dungeon.
You visited 1 branch of the dungeon, and saw 2 of its levels.

You collected 167 gold pieces.

Inventory:

Hand Weapons
 g - a +1 dagger of freezing
 i - a +2 vorpal long sword (weapon)
Armour
 j - a +1 pair of gloves (worn)
 k - a +0 leather armour (worn)
Jewellery
 f - an amulet of reflection (around neck)
Scrolls
 b - a scroll of vulnerability {unknown}
 c - 2 scrolls of fog {unknown}
 d - a scroll of fear {unknown}
 e - 2 scrolls of summoning {unknown}
Potions
 l - a potion of might {unknown}
 n - a potion of berserk rage {unknown}


   Skills:
 + Level 0.1 Fighting
 + Level 0.1 Short Blades
 + Level 1.9 Dodging
 + Level 2.0 Stealth
 + Level 2.6 Spellcasting
 + Level 1.3 Transmutations
 + Level 4.0 Poison Magic


You had 3 spell levels left.
You knew the following spells:

 Your Spells              Type           Power      Damage    Failure   Level
a - Sting                 Tmut/Pois      44%        1d5       9%          1
b - Mephitic Cloud        Conj/Pois/Air  7%         N/A       41%         3

Your spell library contained the following spells:

 Spells                   Type           Power      Damage    Failure   Level
 Poisonous Vapours        Pois/Air       18%        N/A       17%         2
 Olgreb's Toxic Radiance  Pois           16%        N/A       43%         4


Dungeon Overview and Level Annotations

Branches:
Dungeon (2/15)

Altars:

Shops:
D:1 :

Annotations:
D:2 Sigmund


Innate Abilities, Weirdness & Mutations

Your demonic aura sometimes causes spilled blood to erupt in flames.


Message History

Partly explored, can't reach some items.
Partly explored, can't reach some items.
Partly explored, can't reach some items.
You climb downwards.
Level annotation: Sigmund
There is a stone staircase leading up here.
You open the door.
There is an open door here.
Sigmund is nearby!
Sigmund is nearby!
Sigmund is nearby!
You throw a throwing net. The throwing net barely misses Sigmund.
Sigmund shouts!
Sigmund closely misses you.
You throw a throwing net. The throwing net barely misses Sigmund.
Sigmund points at you and mumbles some strange words.
You resist with significant effort.
The sting misses Sigmund.
Sigmund closely misses you.
The sting misses Sigmund.
The sting hits Sigmund but does no damage.
Sigmund is poisoned.
Sigmund giggles. "Time to reap what you sow."
Sigmund barely misses you.
The sting misses Sigmund.
Sigmund barely misses you.
The sting hits Sigmund.
Sigmund looks even sicker.
Sigmund is moderately wounded.
The sting misses Sigmund.
Sigmund hits you but does no damage.
Sigmund screams, "Don't try to resist!"
Sigmund casts a spell.
Sigmund flickers and vanishes!
Deactivating autopickup; reactivate with Ctrl-A.
You miss something. Something hits you! Something freezes you.
You closely miss something. You punch something. Something hits you.
Something freezes you.
It was a potion of attraction.
You feel attractive to monsters. Something hits you!
* * * LOW HITPOINT WARNING * * *
Something freezes you.
You die...

............#####.#.#
....##.........##.#.######
###............##.........
####.........##...#####
#........(.#...#
######..###.....#..(#
................#...#
.......#######..#{..####
...............>@........
.......########.##.######
####...# #.##.# #...#
#.##.# #...# #.##.# #...#
#.# .# #...# #.. .. #...#
### #####


There were no monsters in sight!

Vanquished Creatures
  An adder (D:2)
  2 worms (D:2)
  4 dart slugs
  2 bats
  3 endoplasms
  A giant cockroach (D:1)
  3 goblins
  5 hobgoblins
  4 kobolds (D:1)
  5 quokkas
  2 ball pythons (D:1)
  3 frilled lizards (D:1)
  3 rats (D:1)
38 creatures vanquished.

Notes
Turn   | Place    | Note
-------+----------+-------------------------------------------
     0 | D:1      | DemonSlayer the Demonspawn Venom Mage began the quest for
                  | the Orb.
     0 | D:1      | Reached XP level 1. HP: 13/13 MP: 3/3
   424 | D:1      | Gained mutation: Your demonic aura sometimes causes spilled
                  | blood to erupt in flames. [demonic ancestry]
   424 | D:1      | Reached XP level 2. HP: 19/19 MP: 0/5
  1536 | D:1      | Reached skill level 1 in Transmutations
  1614 | D:1      | Found Qaimo's Book Emporium.
  1810 | D:1      | Reached XP level 3. HP: 23/24 MP: 2/6
  2131 | D:1      | Found a faded altar of an unknown god.
  2296 | D:1      | Learned a level 3 spell: Mephitic Cloud
  3159 | D:2      | Reached skill level 4 in Poison Magic
  3223 | D:2      | Noticed Sigmund
  3649 | D:2      | HP: 1/24 [something (8)]
  3649 | D:2      | Slain by Sigmund

Illustrated notes

Levels and vault maps discovered:
D:1:      grunt_arrival_lava_bath, layout_basic,
          shapermc_ecumenical_altar_notcrosses, serial_shops, shop,
          nicolae_eternal_life, minivault_26, minmay_tall_x
D:2:      layout_basic, basic_altar, minmay_heptomino_d4, uniq_sigmund

Skill      XL: |  1  2  3 |
---------------+----------+-----
Transmutations | 1 |  1.3
Stealth        | 2 |  2.0
Poison Magic   | 4 |  4.0
Fighting       | |  0.1
Short Blades   | |  0.1
Dodging        | |  1.9
Spellcasting   | |  2.6

Action                   || total
-------------------------++-------
Melee: Dagger            ||    38
       Long sword        ||     8
       Punch             ||     1
Throw: Throwing net      ||     2
 Cast: Sting             ||    77
  Use: Scroll            ||     2
       Potion            ||     2
 Stab: Sleeping          ||     3
Armor: Robe              ||     5
       Leather armour    ||     2
Dodge: Dodged            ||    57
Block: Other             ||     4
       Reflection        ||     1
